 Dungeon Crawl Stone Soup version 0.26-a0-61-g6c07f0ee8d (webtiles) character file.

Game seed: 2518822491236595869

(classic levelgen) 42 EnegeticOcto the Covered (level 3, 31/34 HPs)
             Began as a Deep Dwarf Fighter on June 9, 2020.
             Quit the game on level 2 of the Dungeon.
             The game lasted 00:00:30 (1049 turns).

EnegeticOcto the Covered (Deep Dwarf Fighter)       Turns: 1049, Time: 00:00:31

Health: 31/34      AC:  8    Str: 20    XL:     3   Next: 33%
Magic:  2/2        EV:  7    Int:  8    God:
Gold:   84         SH:  9    Dex: 12    Spells: 2/2 levels left

rFire    . . .     SeeInvis .   a - +0 war axe
rCold    . . .     Gourm    .   c - +0 kite shield
rNeg     . . .     Faith    .   b - +0 scale mail
rPois    .         Spirit   .   o - +0 helmet
rElec    .         Reflect  .   (no cloak)
rCorr    .         Harm     .   (no gloves)
MR       .....                  (no boots)
Stlth    ..........             p - amulet of inaccuracy (curse)
HPRegen  0.00/turn              (no ring)
MPRegen  0.08/turn              (no ring)

@: non-regenerating
A: damage resistance, heal wounds, sense surroundings 1, no regeneration
a: Heal Wounds


You were on level 2 of the Dungeon.
You were not hungry.

You visited 1 branch of the dungeon, and saw 2 of its levels.

You collected 84 gold pieces.

Inventory:

Hand Weapons
 a - a +0 war axe (weapon)
Armour
 b - a +0 scale mail (worn)
 c - a +0 kite shield (worn)
 o - a +0 helmet (worn)
Jewellery
 f - an uncursed amulet of reflection {unknown}
 p - a cursed amulet of inaccuracy (around neck)
Scrolls
 d - 2 scrolls of teleportation {unknown}
 h - 2 scrolls of identify {unknown}
 j - a scroll of enchant armour {unknown}
 l - a scroll of remove curse {unknown}
Potions
 g - a potion of berserk rage {unknown}
 i - a potion of cancellation {unknown}
 k - a potion of might {@q3}
 n - a potion of heal wounds {unknown}
Comestibles
 e - 4 rations
 m - 8 chunks of flesh


   Skills:
 * Level 3.1 Fighting
 * Level 3.0 Axes
 + Level 3.6 Armour
 + Level 3.5 Shields


You had 2 spell levels left.
You didn't know any spells.
Your spell library was empty.

Dungeon Overview and Level Annotations

Branches:
Dungeon (2/15)

Altars:


Innate Abilities, Weirdness & Mutations

You are resistant to damage.
You can heal yourself by infusing magical energy.
You passively map a small area around you.
You do not regenerate.


Message History

You closely miss the hobgoblin.
The hobgoblin hits you but does no damage.
You barely miss the hobgoblin. The hobgoblin barely misses you.
You block the hobgoblin's attack.
You slash the hobgoblin!
You kill the hobgoblin!
You now have 76 gold pieces (gained 7).
Things that are here:
a +0 club; a hobgoblin corpse You butcher the hobgoblin corpse.
m - 6 chunks of flesh (gained 3)
Things that are here:
a +0 club; a hobgoblin skeleton
Things that are here:
a +0 club; a hobgoblin skeleton You butcher the giant cockroach corpse.
m - 7 chunks of flesh (gained 1)
n - a purple potion No target in view!
No target in view!
No target in view!
No target in view!
No target in view!
No target in view!
No target in view!
Found a helmet.
e - 4 rations (gained 1)
A hobgoblin comes into view. It is wielding a +0 club.
The hobgoblin shouts!
You completely miss the hobgoblin.
The hobgoblin hits you but does no damage. x2
You hit the hobgoblin but do no damage.
The hobgoblin hits you but does no damage.
You barely miss the hobgoblin.
The hobgoblin hits you but does no damage.
You closely miss the hobgoblin.
The hobgoblin hits you but does no damage.
You closely miss the hobgoblin.
The hobgoblin hits you but does no damage. x2
You slash the hobgoblin!
You kill the hobgoblin!
Things that are here:
a +0 club; a hobgoblin corpse You butcher the hobgoblin corpse.
m - 9 chunks of flesh (gained 2)
Things that are here:
a +0 club; a hobgoblin skeleton
Things that are here:
a +0 club; a hobgoblin skeleton You now have 84 gold pieces (gained 8).
A hobgoblin comes into view. It is wielding a +0 club.
The hobgoblin shouts!
A hobgoblin is nearby!
A goblin comes into view.
The hobgoblin hits you but does no damage.
You slash the hobgoblin!
You kill the hobgoblin!
You see here a +0 club.
You closely miss the goblin. You block the goblin's attack.
The goblin completely misses you.
You closely miss the goblin. The goblin barely misses you.
You closely miss the goblin. The goblin hits you.
The goblin hits you but does no damage.
You closely miss the goblin. You block the goblin's attack.
You slash the goblin!
You kill the goblin!
No target in view!
No target in view!
No target in view!
No target in view!
No target in view!
No target in view!
No target in view!
No target in view!
No target in view!
No target in view!
No target in view!
No target in view!
No target in view!
No target in view!
(D) Dungeon
Where to? (Enter - D:2, ? - help)
Okay, then.
Search for what [? for help]? helm You see here a +0 club.
Found a large sapphire amulet.
You see here a helmet.
o - a helmet You start putting on your armour.
You continue putting on your helmet. x4
You finish putting on your +0 helmet.
p - a large sapphire amulet Oops, that amulet feels deathly cold.
p - a cursed amulet of inaccuracy (around neck)
You are feeling hungry.
(D) Dungeon
Where to? (Enter - D:2 @ (x,y), ? - help) Eating one of 9 chunks of flesh.
You eat one of the 9 chunks of flesh.
This raw flesh tastes terrible.
Sorry, I don't know how to get there.
Are you sure you want to abandon this character and quit the game? (Confirm with "yes".)

#..#.# ####....#
........# .###...)# *
* #....# ** #....# ,,
* #....# , ####.#
######.###
#.######.###.@......#
,
#....)....##.####.#.#
##########.#.##.# ,
,, ....# #.#.##.# ,*
....# #.#.##.# *
....# #.#..#.# #.#, *
....# #.##.#.####.#
....# #.##..........
....# #.###...###.##
,*


There were no monsters in sight!

Vanquished Creatures
  2 adders (D:2)
  A worm (D:2)
  A dart slug (D:1)
  2 giant cockroaches
  2 goblins
  5 hobgoblins
  A kobold (D:1)
  A ball python (D:2)
  A bat (D:1)
  2 rats (D:1)
18 creatures vanquished.

Notes
Turn   | Place    | Note
-------+----------+-------------------------------------------
     0 | D:1      | EnegeticOcto the Deep Dwarf Fighter began the quest for the
                  | Orb.
     0 | D:1      | Reached XP level 1. HP: 20/20 MP: 1/1
   128 | D:1      | Reached XP level 2. HP: 14/27 MP: 2/2
   923 | D:2      | Reached XP level 3. HP: 31/34 MP: 2/2
  1049 | D:2      | Quit the game

Illustrated notes

Levels and vault maps discovered:
D:1:      moated_graveyard_arrival, layout_basic, minmay_tromino_v4_a
D:2:      layout_basic, nrook_campfire

Skill      XL: |  1  2  3 |
---------------+----------+-----
Fighting       | 3 |  3.1
Axes           | 3 |  3.0
Armour         | |  3.6
Shields        | |  3.5

Action                   || total
-------------------------++-------
Melee: War axe           ||    59
 Abil: Heal Wounds       ||     1
  Eat: Chunk             ||     1
Armor: Scale mail        ||    37
Dodge: Dodged            ||    23
Block: Kite shield       ||    35

Table legend:
 A = Non-vault XP
 B = Vault XP
 C = Vault XP percentage of total XP
 D = Non-vault monster count
 E = Vault monster count
 F = Vault count percentage of total count
                 A         B        C        D         E       F
            +---------+---------+-------+---------+---------+-------
      Total |      53 |       7 |  11.7 |      14 |       4 |  22.2
            +---------+---------+-------+---------+---------+-------
        D:1 |      10 |       7 |  41.2 |       5 |       4 |  44.4
        D:2 |      43 |       0 |   0.0 |       9 |       0 |   0.0
            +---------+---------+-------+---------+---------+-------
